 Dungeon Crawl Stone Soup version 0.28.0-45-g0d030f2227 (webtiles) character file.

Game seed: 15225662523957154840

64 101zpm the Magician (level 4, -2/31 HPs)
             Began as a Djinni Ice Elementalist on Apr 12, 2022.
             Was an Initiate of Ashenzari.
             Slain by an orc
             ... wielding a +0 dagger
              (3 damage)
             ... on level 3 of the Dungeon on Apr 13, 2022.
             The game lasted 00:05:31 (2803 turns).

101zpm the Magician (Djinni Ice Elementalist)       Turns: 2803, Time: 00:05:32

Health: -2/31      AC:  2    Str:  7    XL:     4   Next: 32%
Gold:   58         EV: 12    Int: 18    God:    Ashenzari [......] SH:  0 Dex: 14

rFire   + + .      SeeInvis .   (no weapon)
rCold   x . .      Faith    .   (no shield)
rNeg    . . .      Spirit   .   a - +0 robe
rPois   ∞          Reflect  .   (no helmet)
rElec   .          Harm     .   (no cloak)
rCorr   .          Rampage  .   (no gloves)
Will    .....                   (boots unavailable)
Stlth   ++........              (no amulet)
HPRegen 0.10/turn               (no ring)
MPRegen 0.00/turn               (no ring)

@: flying, very slightly contaminated
A: sickness immunity, fire resistance 2, cold vulnerability 1, float, innate
caster, HP casting, extra vitality 1
a: Renounce Religion


You were on level 3 of the Dungeon.
You worshipped Ashenzari.
Ashenzari was noncommittal.
You visited 2 branches of the dungeon, and saw 5 of its levels.

You collected 58 gold pieces.

Inventory:

Armour
 a - a +0 robe (worn)
Scrolls
 c - 3 scrolls of identify {unknown}
 d - a scroll of fog {unknown}
 e - a scroll of vulnerability {unknown}
Potions
 b - a potion of curing {unknown}


   Skills:
 + Level 2.1 Dodging
 + Level 1.9 Stealth
 + Level 4.3 Spellcasting


You couldn't memorise any spells.
You knew the following spells:

 Your Spells              Type           Power      Damage    Failure   Level
a - Freeze                Ice            76%        1d9       2%          1
b - Frozen Ramparts       Ice            38%        1d5       8%          3
c - Ozocubu's Armour      Ice            19%        N/A       8%          3
d - Hailstorm             Conj/Ice       19%        3d6       24%         4
e - Foxfire               Conj/Fire      76%        2x1d7     2%          1
Your spell library was empty.

Dungeon Overview and Level Annotations

Branches:
Dungeon (4/15)             Temple (1/1) D:4

Altars:
Ashenzari
Cheibriados
Dithmenos
Elyvilon
Fedhas
Gozag
Hepliaklqana
Kikubaaqudgha
Makhleb
Nemelex Xobeh
Okawaru
Qazlal
Ru
Sif Muna
Trog
Uskayaw
Vehumet
Wu Jian
Yredelemnul
Zin
The Shining One

Annotations:
D:4 Grinder


Innate Abilities, Weirdness & Mutations

You are immune to sickness and miasma.
You are immune to poison.
Your flesh is very heat resistant. (rF++)
You are vulnerable to cold. (rC-)
You float through the air rather than walking.
You learn spells naturally, not from books.
Your magical power is your life essence.
You have superior vitality. (+4 MHP)


Message History

The walls around you are covered in ice.
The wall freezes the orc.
The wall freezes the orc.
You kill the orc!
The wall freezes the orc.
The wall freezes the orc.
The orc hits you with a +0 club.
The wall freezes the orc.
The orc misses you.
The wall freezes the orc.
The orc closely misses you.
The wall freezes the orc.
You kill the orc!
The wall freezes the orc.
You kill the orc!
The wall freezes the orc.
The orc hits you with a +0 dagger.
The frozen ramparts melt away.
The orc hits you with a +0 dagger.
Your magical contamination has completely faded away.
Casting: Frozen Ramparts (quite dangerous; 8% risk of failure)
Confirm with . or Enter, or press ? or * to list all spells.
The spell is quite dangerous to miscast (8% risk of failure)!
Continue anyway?
Okay, then.
Casting: Frozen Ramparts (quite dangerous; 8% risk of failure)
Confirm with . or Enter, or press ? or * to list all spells.
The spell is quite dangerous to miscast (8% risk of failure)!
Continue anyway?
Casting: Frozen Ramparts (quite dangerous; 8% risk of failure)
Press: ? - help, Dir - look around, f - activate You miscast Frozen Ramparts.
You are very lightly contaminated with residual magic.
You are caught in an explosion of ice and frost!
You feel a terrible chill!
* * * LOW HITPOINT WARNING * * *
x2 The orc hits you with a +0 dagger.
* * * LOW HITPOINT WARNING * * *
You don't have enough health to cast this spell.
You don't have enough health to cast this spell.
Aiming: Freeze (safe; 2% risk of failure)
Press: ? - help, Q - select action, (/) - cycle Shift-Dir - straight line, f - orc
Aim: an orc, wielding a +0 dagger and wearing a +0 ring mail (heavily wounded)
You freeze the orc.
The orc is almost dead.
* * * LOW HITPOINT WARNING * * *
The orc hits you with a +0 dagger.
You die...

##.....#.####
#...........#
#...........#
#.....).....#######
#>...†........
###.#.=....#
#########†#......#
..$..............#
###..@...#######
#...o..#
##.....†####
#............#
#............#
#...........†#
#.........?..#
#...........))......
#...................


You could see an orc.

Vanquished Creatures
  2 adders
  A worm (D:4)
  A dart slug (D:4)
  3 orcs (D:3)
  5 endoplasms
  2 giant cockroaches
  4 hobgoblins
  4 kobolds
  4 ball pythons
  2 bats
  3 frilled lizards
  2 goblins (D:1)
  5 rats
38 creatures vanquished.

Notes
Turn   | Place    | Note
-------+----------+-------------------------------------------
     0 | D:1      | 101zpm the Djinni Ice Elementalist began the quest for the
                  | Orb.
     0 | D:1      | Reached XP level 1. HP: 15/15 MP: 0/0
   189 | D:1      | Reached XP level 2. HP: 3/21 MP: 0/0
  1541 | D:3      | Reached XP level 3. HP: 16/25 MP: 0/0
  1541 | D:3      | Learned a level 1 spell: Foxfire
  1546 | D:3      | Reached skill level 4 in Spellcasting
  1917 | D:4      | Reached XP level 4. HP: 8/31 MP: 0/0
  2169 | D:4      | Found a staircase to the Ecumenical Temple.
  2193 | D:4      | Noticed Grinder
  2202 | Temple   | Entered the Ecumenical Temple
  2647 | Temple   | Became a worshipper of Ashenzari the Shackled
  2796 | D:3      | HP: 1/31 [orc/+0 dagger (3)]
  2803 | D:3      | Slain by an orc

Illustrated notes

Levels and vault maps discovered:
D:1:      dpeg_arrival_rooms_with_view, layout_basic,
          shapermc_ecumenical_altar_mp_urbaneastern
D:2:      layout_loops_corners
D:3:      layout_basic
D:4:      minmay_angry_zag, layout_loops_ring,
          mainiacjoe_overflow_small_starburst, minmay_temple_entry_sparse_star,
          serial_shops, nicolae_stop_n_shop_1, minivault_19,
          nicolae_alphabet_shops, amcnicky_altar_lugonu_corruption, uniq_grinder
Temple:   mainiacjoe_temple_big_plus

Skill      XL: |  1  2  3 |
---------------+----------+-----
Spellcasting   | 4 |  4.3
Dodging        | |  2.1
Stealth        | |  1.9

Action                   |  1- 3 |  4- 6 || total
-------------------------+-------+-------++-------
Melee: Unarmed           |     3 |       ||     3
 Cast: Freeze            |    47 |     8 ||    55
       Frozen Ramparts   |       |     1 ||     1
Armor: Robe              |     2 |       ||     2
Dodge: Dodged            |    23 |     5 ||    28
